 Dungeon Crawl Stone Soup version 0.29-a0-364-g921d912d32 (webtiles) character file.

Game seed: 8704605817306670128

34 frimble the Magician (level 3, 0/29 HPs)
             Began as a Djinni Warper on May 1, 2022.
             Slain by a goblin
             ... wielding a +0 club
              (2 damage)
             ... on level 2 of the Dungeon.
             The game lasted 00:01:12 (1793 turns).

frimble the Magician (Djinni Warper)                Turns: 1793, Time: 00:01:13

Health: 0/29       AC:  3    Str: 12    XL:     3   Next: 50%
Gold:   21         EV: 12    Int: 14    God:
                   SH:  0    Dex: 12

rFire   + + .      SeeInvis .   a - +0 short sword
rCold   x . .      Faith    .   (no shield)
rNeg    . . .      Spirit   .   b - +0 leather armour
rPois   ∞          Reflect  .   (no helmet)
rElec   .          Harm     .   (no cloak)
rCorr   .          Rampage  .   (no gloves)
Will    .....                   (boots unavailable)
Stlth   +.........              (no amulet)
HPRegen 0.09/turn               (no ring)
MPRegen 0.00/turn               (no ring)

@: weak-willed, flying
A: sickness immunity, fire resistance 2, cold vulnerability 1, float, innate
caster, HP casting, extra vitality 1
a: no special abilities


You were on level 2 of the Dungeon.
You visited 1 branch of the dungeon, and saw 2 of its levels.

You collected 21 gold pieces.

Inventory:

Hand Weapons
 a - a +0 short sword (weapon)
Missiles
 d - 3 boomerangs of dispersal (quivered)
Armour
 b - a +0 leather armour (worn)
Scrolls
 c - a scroll of blinking
 l - a scroll of noise
Potions
 e - a potion of curing
 f - a potion of mutation {unknown}
 g - 2 potions of heal wounds {unknown}
 j - a potion of flight {unknown}
 k - a potion of might {unknown}


   Skills:
 + Level 2.4 Fighting
 + Level 2.1 Short Blades
 - Level 1.1 Throwing
 - Level 1.3 Armour
 - Level 2.5 Dodging
 - Level 2.5 Spellcasting


You couldn't memorise any spells.
You knew the following spells:

 Your Spells              Type           Power      Damage    Failure   Level
a - Blink                 Tloc           18%        N/A       16%         2
b - Lesser Beckoning      Tloc           9%         N/A       30%         3
c - Gell's Gravitas       Tloc           9%         N/A       30%         3
d - Teleport Other        Tloc           9%         N/A       30%         3
e - Manifold Assault      Tloc           9%         N/A       95%         5
f - Apportation           Tloc           18%        N/A       10%         1
Your spell library was empty.

Dungeon Overview and Level Annotations

Branches:
Dungeon (2/15)

Altars:


Innate Abilities, Weirdness & Mutations

You are immune to sickness and miasma.
You are immune to poison.
Your flesh is very heat resistant. (rF++)
You are vulnerable to cold. (rC-)
You float through the air rather than walking.
You learn spells naturally, not from books.
Your magical power is your life essence.
You have superior vitality. (+4 MHP)


Message History

The adder barely misses you.
You barely miss the adder.
The adder is almost dead.
The goblin hits you with a +0 club. The adder bites you but does no damage.
You barely miss the adder.
The adder is almost dead.
The adder bites you. The goblin hits you but does no damage.
The adder barely misses you.
You barely miss the adder.
The adder is almost dead.
The goblin closely misses you. The adder closely misses you.
You miss the adder.
The adder is almost dead.
The goblin closely misses you. The adder closely misses you.
You barely miss the adder.
The adder is almost dead.
The goblin barely misses you. The adder bites you.
You barely miss the adder.
The adder is almost dead.
The adder bites you.
* * * LOW HITPOINT WARNING * * *
The goblin closely misses you. The adder bites you.
* * * LOW HITPOINT WARNING * * *
You miss the adder.
The adder is almost dead.
The goblin barely misses you. The adder barely misses you.
You closely miss the adder.
The adder is almost dead.
The goblin hits you with a +0 club.
* * * LOW HITPOINT WARNING * * *
The adder bites you.
* * * LOW HITPOINT WARNING * * *
You miss the adder.
The adder is almost dead.
The adder barely misses you. The goblin barely misses you. The adder bites you.
* * * LOW HITPOINT WARNING * * *
You closely miss the adder.
The adder is almost dead.
The goblin hits you with a +0 club.
You die...

## .# .# .#
.# # .#
..###.###.##
......S@g..#
......##<..#
####. #.#.#
# #.#.# #.#
# #.# ...
... ###


You could see an adder and a goblin.

Vanquished Creatures
  A dart slug (D:1)
  4 bats (D:1)
  2 endoplasms (D:1)
  6 goblins (D:1)
  A hobgoblin (D:1)
  2 jackals (D:1)
  3 kobolds (D:1)
  4 ball pythons (D:1)
  4 frilled lizards (D:1)
  2 rats (D:1)
29 creatures vanquished.

Notes
Turn   | Place    | Note
-------+----------+-------------------------------------------
     0 | D:1      | frimble the Djinni Warper began the quest for the Orb.
     0 | D:1      | Reached XP level 1. HP: 18/18 MP: 0/0
   293 | D:1      | Reached XP level 2. HP: 11/23 MP: 0/0
   537 | D:1      | Reached skill level 1 in Throwing
   871 | D:1      | Reached XP level 3. HP: 24/28 MP: 0/0
   871 | D:1      | Learned a level 1 spell: Apportation
  1314 | D:1      | Found a faded altar of an unknown god.
  1792 | D:2      | HP: 1/29 [adder (1)]
  1793 | D:2      | Slain by a goblin

Illustrated notes

Levels and vault maps discovered:
D:1:      dpeg_arrival_water_fire, layout_basic,
          shapermc_ecumenical_altar_totnotflames, hex_medium
D:2:      layout_loops_ring, serial_shops, shop_fountains,
          nicolae_shop_behind_doors, shop, shop, shop

Skill      XL: |  1  2 |
---------------+-------+-----
Throwing       | 1 |  1.1
Short Blades   | 2 |  2.1
Fighting       | |  2.4
Armour         | |  1.3
Dodging        | |  2.5
Spellcasting   | |  2.5

Action                   || total
-------------------------++-------
Melee: Short sword       ||   126
       Punch             ||     1
Throw: Boomerang         ||     4
  Use: Scroll            ||     3
Armor: Leather armour    ||    48
Dodge: Dodged            ||   105

Table legend: (Time is in decaauts)
 A = Elapsed time spent in this place.
 B = Non-inter-level travel time spent in this place.
 C = Inter-level travel time spent in this place.
 D = Time resting spent in this place.
 E = Time spent auto-exploring this place.
 F = Levels seen in this place.
 G = Mean time per level.
                   A        B        C        D        E       F      G
               +--------+--------+--------+--------+--------+-----+--------+
         Total |   1793 |   1737 |     56 |      0 |   1493 |   2 |  896.5 |
       Dungeon |   1793 |   1737 |     56 |      0 |   1493 |   2 |  896.5 |
               +--------+--------+--------+--------+--------+-----+--------+

Top non-repeatable levels by time:
     D:1: 1763 daAuts
     D:2: 30 daAuts
